 Dungeon Crawl Stone Soup version 0.21.1-1-g345015fe64 (webtiles) character file.

35 Brecoman the Insei (level 3, 0/29 HPs)
             Began as a Draconian Transmuter on June 16, 2018.
             Succumbed to a worker ant's poison
             ... on level 2 of the Dungeon.
             The game lasted 00:07:02 (1322 turns).

Brecoman the Insei (Draconian Transmuter)           Turns: 1322, Time: 00:07:02

Health: 0/29       AC:  5    Str: 12    XL:     3   Next: 16%
Magic:  6/6        EV: 12    Int: 13    God:
Gold:   60         SH:  0    Dex: 12    Spells: 3/6 levels left

rFire    . . .     SeeInvis .     - Unarmed
rCold    . . .     Gourm    .   (no shield)
rNeg     . . .     Faith    .   (armour unavailable)
rPois    .         Spirit   .   (helmet restricted)
rElec    .         Reflect  .   (no cloak)
rCorr    .         Harm     .   (no gloves)
MR       .....                  (no boots)
Stlth    +.........             (no amulet)
HPRegen  0.09/turn              (no ring)
MPRegen  0.10/turn              (no ring)

@: lethally poisoned (0 -> -10)
A: unfitting armour, cold-blooded, AC +5
a: no special abilities


You were on level 2 of the Dungeon.
You were hungry.

You visited 1 branch of the dungeon, and saw 2 of its levels.

You collected 60 gold pieces.

Inventory:

Missiles
 a - 9 arrows
 f - 95 stones (quivered)
Jewellery
 h - an uncursed ring of fire
Scrolls
 g - 2 scrolls of teleportation
 k - 5 scrolls of identify
Potions
 d - a potion of resistance {unknown}
 i - a potion of invisibility {unknown}
 m - a potion of flight {unknown}
 o - a potion of mutation {unknown}
 p - a potion of curing {unknown}
Books
 b - a book of Changes

   Spells                             Type                      Level
   a - Beastly Appendage              Transmutation                1
   b - Sticks to Snakes               Transmutation                2
   c - Spider Form                    Transmutation/Poison         3
   d - Ice Form                       Ice/Transmutation            4
   e - Blade Hands                    Transmutation                5
Comestibles
 c - 3 rations
 j - a chunk of flesh


   Skills:
 + Level 2.2 Fighting
 - Level 1.7 Dodging
 + Level 3.4 Unarmed Combat
 - Level 2.0 Spellcasting
 + Level 2.6 Transmutations


You had 3 spell levels left.
You knew the following spells:

 Your Spells              Type           Power        Failure   Level  Hunger
a - Beastly Appendage     Tmut           #.....       9%          1    ##.....
b - Sticks to Snakes      Tmut           #.......     13%         2    ###....


Dungeon Overview and Level Annotations

Branches:
Dungeon (2/15)

Altars:


Innate Abilities, Weirdness & Mutations

Your plain brown scales are hard. (AC +5)
You cannot fit into any form of body armour.
You are cold-blooded and may be slowed by cold attacks.


Message History

You feel sick. The worker ant bites you.
* * * LOW HITPOINT WARNING * * *
You are more poisoned.
The worker ant poisons you!
* * * LOW HITPOINT WARNING * * *
You feel sick. The worker ant closely misses you.
* * * LOW HITPOINT WARNING * * *
You feel sick.
The worker ant bites you but does no damage.
* * * LOW HITPOINT WARNING * * *
You feel sick.
* * * LOW HITPOINT WARNING * * *
You feel sick.
* * * LOW HITPOINT WARNING * * *
You feel sick.
* * * LOW HITPOINT WARNING * * *
You feel sick. The worker ant barely misses you.
* * * LOW HITPOINT WARNING * * *
You feel sick.
You die...

#.# #.# # #.###.# #..##.#
### #...# ##.##.# .<#
#...##############'##.#
###
#...##..............#.#
#...##..............#.#
#...##................#
#...##...a.@..........#
#.##...##................#
#.........#############.>#
#########.# ......#.# .
#.# ....#.#.# # #.# ...
#.#'###### #.# ..
#......... #.# .
#......... #.# #.........


You could see a worker ant.

Vanquished Creatures
  A worm (D:2)
  A dart slug (D:1)
  2 giant cockroaches (D:1)
  5 goblins
  A hobgoblin (D:1)
  4 jackals (D:2)
  A kobold (D:2)
  2 bats (D:2)
  4 frilled lizards (D:2)
  3 rats
24 creatures vanquished.

Vanquished Creatures (collateral kills)
  2 worms (D:2)
  A goblin (D:2)
3 creatures vanquished.

Grand Total: 27 creatures vanquished

Notes
Turn   | Place    | Note
-------+----------+-------------------------------------------
     0 | D:1      | Brecoman the Draconian Transmuter began the quest for the Orb.
     0 | D:1      | Reached XP level 1. HP: 16/16 MP: 3/3
   163 | D:1      | Reached XP level 2. HP: 23/23 MP: 3/5
   172 | D:1      | Learned a level 2 spell: Sticks to Snakes
  1132 | D:2      | Reached XP level 3. HP: 26/29 MP: 2/6
  1321 | D:2      | HP: 1/29 [poisoned by a worker ant]
  1322 | D:2      | Succumbed to a worker ant's poison

Skill      XL: |  1  2 |
---------------+-------+-----
Fighting       | 2 |  2.2
Dodging        | |  1.7
Unarmed Combat | |  3.4
Spellcasting   | |  2.0
Transmutations | |  2.6

Action                   || total
-------------------------++-------
Melee: Unarmed           ||    78
       Tailslap          ||     8
       Headbutt          ||     5
       Kick              ||     1
       Punch             ||     1
Throw: Stone             ||    16
 Cast: Beastly Appendage ||    14
       Sticks to Snakes  ||     3
  Use: Scroll            ||     5
  Eat: Chunk             ||     1
Armor: Skin              ||    26
Dodge: Dodged            ||    56
